 Dungeon Crawl Stone Soup version 0.21.1-1-g345015f (webtiles) character file.

403 glosham the Chopper (level 6, -1/42 HPs)
             Began as an Octopode Berserker on Apr 7, 2018.
             Was a Believer of Trog.
             Slain by an orc
             ... wielding a +0 mace
              (5 damage)
             ... on level 6 of the Dungeon.
             The game lasted 00:17:42 (1004 turns).

glosham the Chopper (Octopode Berserker)            Turns: 1004, Time: 00:17:44

Health: -1/42      AC:  1    Str: 18    XL:     6   Next: 86%
Magic:  6/6        EV: 14    Int:  9    God:    Trog [**....]
Gold:   52         SH:  0    Dex: 12    Spells: 5/5 levels left

rFire    . . .     SeeInvis .   a - +0 hand axe
rCold    . . .     Gourm    .   (no shield)
rNeg     . . .     Faith    .   (helmet restricted)
rPois    .         Spirit   .   i - amulet of inaccuracy (curse)
rElec    .         Reflect  .   A - ring of flight
rCorr    .         Harm     .   (no ring)
MR       .....                  (no ring)
Stlth    ++........             (no ring)
HPRegen  0.14/turn              (no ring)
MPRegen  0.10/turn              (no ring)
                                (no ring)
                                (no ring)

@: berserk cooldown, slowed, very slow
A: almost no armour, stealthy swim, amphibious, 8 rings, constrict 8, camouflage
1, gelatinous body 1
a: Berserk, Trog's Hand, Burn Spellbooks, Renounce Religion, Evoke Flight


You were on level 6 of the Dungeon.
You worshipped Trog.
Trog was pleased with you.
You were hungry.

You visited 1 branch of the dungeon, and saw 6 of its levels.

You collected 52 gold pieces.

Inventory:

Hand Weapons
 a - a +0 hand axe (weapon)
Armour
 f - a +1 large shield
Jewellery
 i - a cursed amulet of inaccuracy (around mantle)
 A - a ring of flight (left tentacle)
Potions
 d - a potion of magic {unknown}
 e - 2 potions of degeneration {unknown}
 g - a potion of heal wounds {unknown}
 h - a potion of curing {unknown}
 j - a potion of brilliance {unknown}
Comestibles
 b - 4 rations
 c - 8 chunks of flesh


   Skills:
 - Level 3.0 Fighting
 * Level 7.5 Axes
 - Level 3.0 Dodging


You had 5 spell levels left.
You didn't know any spells.

Dungeon Overview and Level Annotations

Branches:
Dungeon (6/15)             Temple (0/1) D:6

Altars:
The Shining One


Innate Abilities, Weirdness & Mutations

You cannot wear most types of armour.
You are very stealthy in the water. (Stealth+)
You are amphibious.
You can wear up to eight rings at the same time.
You can use your tentacles to constrict eight enemies at once.
Your skin changes colour to match your surroundings (Stealth+).
Your rubbery body absorbs attacks. (AC +1, EV +1)


Message History

You barely miss the bullfrog. Your grab misses the bullfrog.
Your squeeze misses the bullfrog.
The bullfrog is moderately wounded.
The bullfrog barely misses you.
You closely miss the bullfrog. You grab the bullfrog.
You kill the bullfrog!
Trog accepts your kill.
Your Axes skill increases to level 7!
You barely miss the orc wizard. You grab the orc wizard.
You constrict the orc wizard. You closely miss the orc wizard.
The orc wizard is lightly wounded.
You constrict the orc wizard, but do no damage.
The orc wizard misses you.
You barely miss the orc wizard.
You kill the orc wizard!
Trog accepts your kill.
Trog appreciates your killing of a magic user.
You closely miss the worker ant. Your grab misses the worker ant.
The worker ant bites you.
You closely miss the worker ant. Your grab misses the worker ant.
Your squeeze misses the worker ant. You barely miss the worker ant.
Your grab misses the worker ant. The worker ant closely misses you.
You closely miss the worker ant. You grab the worker ant.
You kill the worker ant!
Trog accepts your kill. The orc hits you with a mace.
* * * LOW HITPOINT WARNING * * *
The orc hits you from afar with a trident!
* * * LOW HITPOINT WARNING * * *
Items here: ) [ ††† a dagger; a robe; a worker ant corpse; an orc corpse; a bullfrog corpse You barely miss the orc.
You grab the orc.
You are no longer berserk.
You are exhausted.
You feel yourself slow down.
You constrict the orc, but do no damage.
The orc hits you with a mace.
You die...

........# ##### ........#
#...# ... ........# #...#
##.. .# ........# #...#
#..###....
....[...####...#####.........
........'..)...............>
........####...#####<..#..# .
........####...####.......#..
........'..+...'@oo......(...
........####...####..#.......
..#.....# #...# #....###.
###.....# #...## #....).....
..#.....# #....# ##.........
#.#.....####.##+####......o..
#.#.....##.........#.....o...
#.'.....##.....<...#.........
###.....##.##......#.........


You could see 2 orcs.

Vanquished Creatures
  An ice beast (D:5)
  An ogre (D:4)
  A bullfrog (D:6)
  A hound (D:5)
  An orc wizard (D:6)
  A worker ant (D:6)
  A shadow imp (D:5)
  An ooze (D:1)
  2 dart slugs (D:1)
  3 leopard geckos
  9 orcs
  3 giant cockroaches
  3 goblins (D:1)
  9 hobgoblins
  7 jackals
  2 kobolds
  2 quokkas (D:2)
  2 ball pythons
  2 bats (D:1)
  6 frilled lizards
  A leopard gecko skeleton (D:6)
  4 rats
63 creatures vanquished.

Notes
Turn   | Place    | Note
-------+----------+-------------------------------------------
     0 | D:1      | glosham the Octopode Berserker began the quest for the Orb.
     0 | D:1      | Reached XP level 1. HP: 16/16 MP: 1/1
    18 | D:1      | Reached XP level 2. HP: 21/21 MP: 2/2
    94 | D:1      | Reached skill level 4 in Axes
   176 | D:1      | Reached XP level 3. HP: 23/26 MP: 3/3
   286 | D:2      | Reached ** piety under Trog
   565 | D:2      | Found a glowing golden altar of the Shining One.
   718 | D:3      | Reached XP level 4. HP: 31/31 MP: 4/4
   780 | D:4      | Noticed an ogre
   786 | D:4      | Killed an ogre
   786 | D:4      | Reached skill level 5 in Axes
   786 | D:4      | Reached XP level 5. HP: 36/36 MP: 5/5
   839 | D:5      | Entered Level 5 of the Dungeon
   840 | D:5      | Noticed an ice beast
   853 | D:5      | Killed an ice beast
   853 | D:5      | Reached skill level 6 in Axes
   853 | D:5      | Reached XP level 6. HP: 42/42 MP: 6/6
   934 | D:6      | Found a staircase to the Ecumenical Temple.
   934 | D:6      | Noticed an orc warrior
   986 | D:6      | Noticed an orc warrior
   995 | D:6      | Reached skill level 7 in Axes
  1003 | D:6      | HP: 6/63 [orc/trident (7)]
  1004 | D:6      | Slain by an orc

Skill      XL: |  1  2  3  4  5  6 |
---------------+-------------------+-----
Axes           | 4 5 6 7 |  7.5
Fighting       | |  3.0
Dodging        | |  3.0

Action                   |  1- 3 |  4- 6 || total
-------------------------+-------+-------++-------
Melee: Hand axe          |    81 |    51 ||   132
       Constrict         |    23 |    15 ||    38
       Tentacles         |    12 |     9 ||    21
Invok: Berserk           |     2 |     3 ||     5
  Use: Scroll            |     2 |     2 ||     4
 Stab: Sleeping          |     7 |       ||     7
  Eat: Chunk             |     1 |     3 ||     4
Armor: Skin              |     5 |     1 ||     6
Dodge: Dodged            |    47 |    29 ||    76

Table legend:
 A = Turns spent in this place as a percentage of turns spent in the entire game.
 B = Non-inter-level travel turns spent in this place as a percentage of non-inter-level travel turns spent in the entire game.
 C = Inter-level travel turns spent in this place as a percentage of turns spent in this place.
 D = Turns resting spent in this place as a percentage of non-inter-level travel turns spent in this place.
 E = Turns spent auto-exploring this place as a percentage of non-inter-level travel turns spent in this place.
 F = Non-inter-level travel turns spent in this place divided by the number of levels of this place that you've seen.
                   A       B       C       D       E      F
               +-------+-------+-------+-------+-------+----------------------
         Total | 100.0 | 100.0 |   2.2 |   0.0 |   0.0 | 163.7
       Dungeon | 100.0 | 100.0 |   2.2 |   0.0 |   0.0 | 163.7
               +-------+-------+-------+-------+-------+----------------------

Table legend:
 A = Kills in this place as a percentage of kills in entire the game.
 B = Kills by you in this place as a percentage of kills by you in the entire game.
 C = Kills by friends in this place as a percentage of kills by friends in the entire game.
 D = Other kills in this place as a percentage of other kills in the entire game.
 E = Experience gained in this place as a percentage of experience gained in the entire game.
 F = Experience gained in this place divided by the number of levels of this place that you have seen.
                   A       B       C       D       E      F
               +-------+-------+-------+-------+-------+----------------------
         Total | 100.0 | 100.0 |   N/A |   N/A | 100.0 |  96.0
       Dungeon | 100.0 | 100.0 |   N/A |   N/A | 100.0 |  96.0
               +-------+-------+-------+-------+-------+----------------------

Vault maps used:
D:1:      lightli_arrival_maybe_door_vault
D:2:      kennysheep_the_goblin_king, grunt_temple_overflow_open,
          tso_metal_star, first_ration, uniq_terence
D:4:      lemuel_zombie_altar_kikubaaqudgha, kennysheep_generic_room_8
D:5:      eino_tiny_chamber
D:6:      overflow_temple_1_default, minmay_temple_entry_large_hall
